 Dungeon Crawl Stone Soup version 0.29-a0-243-g602b31c20e (webtiles) character file.

Game seed: 2023956623827152438

9179 dolemite99 the Grappler (level 11, -6/106 HPs)
             Began as a Troll Fighter on Mar 4, 2022.
             Was a Plaything of Xom.
             Mangled by a cyclops (24 damage)
             ... on level 11 of the Dungeon.
             The game lasted 00:10:26 (9763 turns).

dolemite99 the Grappler (Troll Fighter)             Turns: 9763, Time: 00:10:27

Health: -6/106     AC: 10    Str: 27 (28) XL:     11   Next: 19%
Magic:  10/10      EV:  8    Int:  4      God:    Xom [*.....]
Gold:   629        SH:  9    Dex: 13      Spells: 10/10 levels left

rFire   . . .      SeeInvis .     - Unarmed
rCold   . . .      Faith    .   b - +0 kite shield
rNeg    . . .      Spirit   .   J - +0 acid dragon scales
rPois   +          Reflect  .   (helmet restricted)
rElec   .          Harm     .   H - +0 cloak of the Locust {rPois}
rCorr   +          Rampage  .   (gloves unavailable)
Will    .....                   (boots unavailable)
Stlth   +.........              (no amulet)
HPRegen 1.07/turn               e - +6 ring of dexterity
MPRegen 0.12/turn               x - +4 ring of protection {=R}

@: mighty, invisible
A: large, unfitting armour, claws 3, regeneration 1, shaggy fur 1, tough skin 1,
antennae 1, clumsy 1, deformed body, deterioration 1, weak 1
a: Renounce Religion


You were on level 11 of the Dungeon.
You worshipped Xom.
You were a special plaything of Xom.
You visited 1 branch of the dungeon, and saw 11 of its levels.

You collected 629 gold pieces.

Inventory:

Missiles
 g - 286 stones
 i - 8 curare-tipped darts
 l - 5 boomerangs
 n - 23 poisoned darts
 q - 4 silver boomerangs
 r - 3 silver javelins
 y - 3 throwing nets
Armour
 b - a +0 kite shield (worn)
 H - the +0 cloak of the Locust (worn) {rPois}
   (You found it on level 8 of the Dungeon)

   rPois:     It protects you from poison.
 I - a +0 troll leather armour
 J - +0 acid dragon scales (worn)
Jewellery
 e - a +6 ring of dexterity (left claw)
 x - a +4 ring of protection (right claw) {=R}
 A - a +6 ring of intelligence
 B - a ring of flight
 C - an amulet of the acrobat
Wands
 E - a wand of polymorph (9)
 F - a wand of flame (15)
 L - a wand of paralysis (6)
Scrolls
 a - a scroll of fog {unknown}
 f - 5 scrolls of teleportation
 h - 2 scrolls of acquirement {unknown}
 k - a scroll of enchant armour {unknown}
 m - a scroll of magic mapping {unknown}
 o - a scroll of brand weapon {unknown}
 w - a scroll of fear {unknown}
 D - 3 scrolls of blinking
 G - 2 scrolls of immolation {unknown}
 N - a scroll of identify {@r1}
Potions
 d - a potion of flight
 j - a potion of mutation {unknown}
 s - a potion of cancellation
 t - a potion of curing {unknown}
 u - a potion of brilliance
 z - 6 potions of lignification
 K - 2 potions of attraction {unknown}
 M - a potion of degeneration {unknown}


   Skills:
 + Level 6.3 Fighting
 - Level 9.4 Throwing
 - Level 2.4 Dodging
 - Level 6.5 Shields
 - Level 10.5 Unarmed Combat


You had 10 spell levels left.
You didn't know any spells.
Your spell library contained the following spells:

 Spells                   Type           Power      Damage    Failure   Level
 Animate Skeleton         Necr           0%         N/A       83%         1
 Apportation              Tloc           0%         N/A       83%         1
 Summon Small Mammal      Summ           0%         N/A       83%         1
 Scorch                   Fire           0%         2d5       92%         2
 Call Canine Familiar     Summ           0%         N/A       99%         3
 Confusing Touch          Hex            0%         N/A       99%         3
 Gell's Gravitas          Tloc           0%         N/A       99%         3
 Ozocubu's Armour         Ice            0%         N/A       99%         3
 Summon Guardian Golem    Hex/Summ       0%         N/A       99%         3
 Teleport Other           Tloc           0%         N/A       99%         3
 Flame Wave               Conj/Fire      0%         2d4       100%        4
 Freezing Cloud           Conj/Ice/Air   0%         6-21      100%        5
 Yara's Violent Unravell  Hex/Tmut       0%         3d3       100%        5
 Dispersal                Tloc           0%         N/A       100%        6
 Simulacrum               Ice/Necr       0%         N/A       100%        6
 Summon Cactus Giant      Summ           0%         N/A       100%        6
 Enfeeble                 Hex            0%         N/A       100%        7
 Ozocubu's Refrigeration  Ice            0%         4d5       100%        7
 Polar Vortex             Ice            0%         N/A       100%        9


Dungeon Overview and Level Annotations

Branches:
Dungeon (11/15)            Temple (0/1) D:4            Lair (0/6) D:8
    Orc: D:9-12

Altars:
Elyvilon
Gozag
Makhleb
Nemelex Xobeh
Qazlal
Uskayaw
Vehumet
Xom
Yredelemnul
The Shining One

Annotations:
D:5 2 transporters, 3 runed translucent doors, HarveyMantaco's ghost, novice VSBr


Innate Abilities, Weirdness & Mutations

You are too large for most types of armour.
You have claws for hands.
Your natural rate of healing is unusually fast.
You are covered in fur. (AC +1)
You have tough skin. (AC +1)
You have a pair of small antennae on your head.
You are clumsy. (Dex -2)
Armour fits poorly on your strangely shaped body.
Your body sometimes deteriorates upon taking damage.
You are weak. (Str -2)


Message History

The tengu warrior is severely wounded.
You block the tengu warrior's attack. The tengu warrior closely misses you.
The tengu warrior claws you but does no damage.
You catch the helpless tengu warrior completely off-guard!
You scratch the tengu warrior.
The tengu warrior is severely wounded.
You catch the helpless tengu warrior completely off-guard!
You claw the tengu warrior!
The tengu warrior is almost dead.
The tengu warrior hits you with a +0 great sword.
The tengu warrior pecks you but does no damage.
The tengu warrior claws you.
You miss the tengu warrior.
The tengu warrior is almost dead.
You miss the tengu warrior.
The tengu warrior is almost dead.
The tengu warrior hits you with a +0 great sword!
The tengu warrior pecks you but does no damage.
The tengu warrior claws you.
You catch the helpless tengu warrior completely off-guard!
You scratch the tengu warrior but do no damage.
The tengu warrior is almost dead.
The tengu warrior hits you with a +0 great sword!
The tengu warrior pecks you.
The tengu warrior claws you but does no damage.
You barely miss the tengu warrior.
The tengu warrior is severely wounded.
The tengu warrior hits you with a +0 great sword.
You block the tengu warrior's attack. The tengu warrior claws you.
The cyclops barely misses you.
You mangle the cyclops!!
The cyclops is heavily wounded.
The tengu warrior hits you with a +0 great sword!!
* * * LOW HITPOINT WARNING * * *
Your body deteriorates!
You feel weakened.
The tengu warrior pecks you but does no damage.
The tengu warrior claws you but does no damage.
The cyclops hits you!!
You die...
Xom howls with laughter!

#.. # . # .# .. .
. .##.# ..### .#
. ...# ...##C#
#.###.C..$[ .
#...##...# .
#....#..# .
##...@#..#
#...CQC..#
#.....#.....#
#.###.....#....##
.........###..##
#.##)#.### ###
#.#.. .. .....
... ##.#### #.#


You could see a tengu warrior and 2 cyclopes.

Vanquished Creatures
  Harold (D:8)
  A two-headed ogre (D:10)
  A guardian serpent (D:10)
  2 trolls
  A dream sheep (shapeshifter) (D:7)
  A raiju (shapeshifter) (D:10)
  A shadow (D:9)
  2 wraiths
  5 yaks (D:10)
  Eustachio (D:5)
  2 steam dragons
  An acid dragon (D:9)
  A water moccasin (D:8)
  5 orc warriors
  3 ice beasts
  A black bear (D:4)
  6 centaurs
  2 ogres
  A phantom (D:5)
  3 kobold brigands
  A necrophage (D:5)
  4 bullfrogs
  A scorpion (D:5)
  6 wights
  3 killer bees (D:8)
  2 howler monkeys
  A crimson imp (D:6)
  3 jellies
  3 hounds
  6 orc priests
  14 orc wizards
  5 iguanas
  6 gnolls
  8 adders
  A shadow imp (D:5)
  A white imp (D:6)
  An ufetubus (D:5)
  2 worms
  A dart slug (D:4)
  29 orcs
  3 ball pythons (D:3)
  3 bats
  3 endoplasms
  3 giant cockroaches
  5 goblins
  6 hobgoblins
  3 jackals (D:4)
  4 quokkas
  2 frilled lizards
  20 kobolds
  A rat (D:2)
192 creatures vanquished.

Vanquished Creatures (collateral kills)
  A boulder beetle (D:8)
  A wyvern (D:8)
  2 yaks (D:10)
  A basilisk (D:8)
  A necrophage (D:8)
  2 killer bees (D:8)
  4 orc wizards (D:8)
  2 orcs (D:8)
  A kobold (D:8)
15 creatures vanquished.

Vanquished Creatures (others)
  An orc (D:9)
  16 plants (D:3)
17 creatures vanquished.

Grand Total: 224 creatures vanquished

Notes
Turn   | Place    | Note
-------+----------+-------------------------------------------
     0 | D:1      | dolemite99 the Troll Fighter began the quest for the Orb.
     0 | D:1      | Reached XP level 1. HP: 22/22 MP: 0/0
   199 | D:1      | You fall into a shaft and drop 1 floor!
   276 | D:2      | Reached XP level 2. HP: 29/29 MP: 1/1
   519 | D:2      | Reached skill level 3 in Unarmed Combat
   526 | D:2      | Reached XP level 3. HP: 36/36 MP: 2/2
  1264 | D:3      | Reached XP level 4. HP: 39/44 MP: 3/3
  1411 | D:3      | Found a stormy altar of Qazlal.
  1449 | D:3      | Found a faded altar of an unknown god.
  1479 | D:3      | Prayed at the altar of an unknown god.
  1479 | D:3      | Became a worshipper of Xom of Chaos
  1627 | D:3      | XOM: silly message
  1763 | D:3      | Reached skill level 4 in Unarmed Combat
  1767 | D:3      | XOM: silly message
  2083 | D:4      | Reached XP level 5. HP: 50/50 MP: 4/4
  2098 | D:4      | XOM: 5-stop teleportation journey
  2274 | D:4      | Reached skill level 5 in Unarmed Combat
  2402 | D:4      | Found a staircase to the Ecumenical Temple.
  2420 | D:4      | Noticed a centaur
  2433 | D:4      | Noticed a black bear
  2436 | D:4      | Killed a centaur
  2437 | D:4      | Reached XP level 6. HP: 19/59 MP: 5/5
  2452 | D:4      | XOM: confuse monster(s)
  2723 | D:4      | XOM: 6-stop teleportation journey
  2876 | D:4      | Reached skill level 6 in Unarmed Combat
  2894 | D:5      | Entered Level 5 of the Dungeon
  3057 | D:5      | Reached XP level 7. HP: 42/66 MP: 6/6
  3213 | D:5      | Found a transporter.
  3234 | D:5      | Found a hide-covered altar of Uskayaw.
  3293 | D:5      | Found a basalt altar of Yredelemnul.
  3360 | D:5      | XOM: silly message
  3361 | D:5      | XOM: 2-stop teleportation journey
  3363 | D:5      | XOM: swap monsters
  3428 | D:5      | Noticed Eustachio
  3444 | D:5      | XOM: cast spell 'Cause Fear'
  3446 | D:5      | Killed Eustachio
  3447 | D:5      | Reached skill level 7 in Unarmed Combat
  3682 | D:5      | Found a runed translucent gate.
  3682 | D:5      | Found a runed translucent gate.
  3684 | D:5      | Noticed HarveyMantaco's ghost (novice VSBr)
  3686 | D:5      | Found a runed translucent gate.
  3689 | D:5      | XOM: noise
  3762 | D:5      | Found a transporter.
  3864 | D:5      | XOM: summons 1 hostile shadow creature
  4029 | D:5      | XOM: give mutations
  4029 | D:5      | Gained mutation: You heal very quickly. [Xom's grace]
  4029 | D:5      | Gained mutation: You have a pair of small antennae on your
                  | head. [Xom's grace]
  4125 | D:5      | XOM: give mutation
  4125 | D:5      | Gained mutation: Your body sometimes deteriorates upon
                  | taking damage. [Xom's mischief]
  4259 | D:6      | XOM: scenery: create altars
  4273 | D:6      | Found a radiant altar of Vehumet.
  4274 | D:6      | Found a burning altar of Makhleb.
  4323 | D:6      | Reached skill level 5 in Shields
  4323 | D:6      | Reached XP level 8. HP: 74/74 MP: 7/7
  4365 | D:6      | XOM: stat loss: -1 Str (26/27)
  4401 | D:6      | Reached skill level 8 in Unarmed Combat
  4429 | D:6      | Found an opulent altar of Gozag.
  4731 | D:6      | XOM: noise
  4974 | D:6      | XOM: summons 3 hostile demons
  5170 | D:6      | XOM: cast spell 'Summon Hydra'
  5173 | D:6      | Reached skill level 9 in Unarmed Combat
  5491 | D:7      | XOM: 1-stop teleportation journey
  5503 | D:7      | Noticed a glowing shapeshifter
  5503 | D:7      | a wyvern changed into a glowing shapeshifter
  5503 | D:7      | XOM: polymorph wyvern -> glowing shapeshifter
  5503 | D:7      | Noticed a slime creature
  5503 | D:7      | a glowing shapeshifter changed into a slime creature
  5509 | D:7      | XOM: scenery: summon butterflies
  5512 | D:7      | Noticed a shining eye
  5522 | D:7      | Noticed a moth of wrath
  5524 | D:7      | Noticed a glowing orange brain
  5524 | D:7      | a moth of wrath changed into a glowing orange brain
  5528 | D:7      | Noticed a dream sheep
  5528 | D:7      | a glowing orange brain changed into a dream sheep
  5529 | D:7      | Killed a dream sheep
  5539 | D:7      | Reached XP level 9. HP: 75/80 MP: 8/8
  5566 | D:7      | Reached skill level 10 in Unarmed Combat
  6161 | D:7      | XOM: cloud trail
  6277 | D:7      | Found a glowing golden altar of the Shining One.
  6515 | D:7      | XOM: polymorph sky beast -> bullfrog
  6605 | D:8      | Reached skill level 1 in Throwing
  6633 | D:8      | Found a white marble altar of Elyvilon.
  6797 | D:8      | XOM: cast spell 'Summon Ice Beast'
  6846 | D:8      | XOM: divination: detect items
  6875 | D:8      | Found a staircase to the Lair.
  6882 | D:8      | XOM: divination: detect items
  6983 | D:8      | XOM: potion effect (might)
  6988 | D:8      | Reached skill level 5 in Throwing
  6995 | D:8      | XOM: potion effect (brilliance)
  7007 | D:8      | XOM: cast spell 'Summon Dragon'
  7045 | D:8      | Noticed a boulder beetle
  7057 | D:8      | Killed a boulder beetle
  7058 | D:8      | Reached XP level 10. HP: 88/88 MP: 9/9
  7110 | D:8      | XOM: summons friendly quasit
  7141 | D:8      | Identified the +0 cloak of the Locust {rPois}
  7241 | D:8      | Found a sparkling altar of Nemelex Xobeh.
  7353 | D:8      | Noticed Harold
  7357 | D:8      | XOM: noise
  7359 | D:8      | XOM: potion effect (invisibility)
  7366 | D:8      | Killed Harold
  7367 | D:8      | Found a flagged portal.
  7605 | D:8      | XOM is BORED!
  7605 | D:8      | XOM: stat loss: -2 Int (2/4)
  7627 | D:9      | XOM: potion effect (invisibility)
  7738 | D:9      | XOM: fog
  7886 | D:9      | XOM: divination: detect creatures
  7997 | D:9      | XOM: cloud trail
  8338 | D:10     | Entered Level 10 of the Dungeon
  8340 | D:10     | XOM: chaos cloud
  8343 | D:10     | Paralysed by you for 4 turns
  8504 | D:10     | XOM: 1-stop teleportation journey
  8519 | D:10     | Noticed a guardian serpent
  8519 | D:10     | a yak changed into a guardian serpent
  8519 | D:10     | XOM: polymorph yak -> guardian serpent
  8525 | D:10     | Killed a guardian serpent
  8531 | D:10     | Reached skill level 5 in Fighting
  8715 | D:10     | XOM: give mutations
  8715 | D:10     | Gained mutation: You are weak. (Str -2) [Xom's mischief]
  8715 | D:10     | Gained mutation: Armour fits poorly on your strangely
                  | shaped body. [Xom's mischief]
  8715 | D:10     | Lost mutation: You heal very quickly. [Xom's mischief]
  8715 | D:10     | Gained mutation: You are clumsy. (Dex -2) [Xom's mischief]
  8716 | D:10     | Noticed a two-headed ogre
  8716 | D:10     | Noticed a two-headed ogre
  8720 | D:10     | XOM: noise
  9086 | D:10     | XOM: 4-stop teleportation journey
  9099 | D:10     | a two-headed ogre changed into a shapeshifter
  9099 | D:10     | XOM: polymorph two-headed ogre -> shapeshifter
  9105 | D:10     | Reached XP level 11. HP: 92/102 MP: 10/10
  9138 | D:10     | XOM: god gift: scroll of teleportation
  9228 | D:10     | Killed a two-headed ogre
  9322 | D:10     | XOM: summons friendly iron imp
  9652 | D:11     | XOM: 2-stop teleportation journey
  9749 | D:11     | Noticed a four-headed hydra
  9749 | D:11     | Noticed a tengu warrior
  9763 | D:11     | Mangled by a cyclops

Illustrated notes

Levels and vault maps discovered:
D:1:      matt_arrival_refuge, layout_loops_cross, serial_forest,
          infiniplex_forest_straight_2, infiniplex_forest_clump_medium,
          infiniplex_forest_clump_double, infiniplex_forest_lined_room_3
D:2:      layout_basic, serial_rivers, chequers_serial_rivers_micro_e,
          chequers_serial_rivers_micro_c, chequers_serial_rivers_micro_e,
          chequers_serial_rivers_micro_c, minmay_increasing_density
D:3:      layout_basic, mainiacjoe_overflow_catwalk,
          hellmonk_ecumenical_altar_heavens_door, minmay_large_rounded_square,
          serial_bayou_lagoon_a
D:4:      layout_loops_cross, temple_doors_ab, grunt_ministairs_1,
          grunt_decor_one_mirror
D:5:      gammafunk_cloud_chamber, layout_basic,
          mainiacjoe_overflow_catwalk_spiral, gammafunk_ghost_nasty_kobolds,
          uniq_eustachio
D:6:      layout_basic, general_overflow_altar,
          grunt_temple_overflow_lords_of_destruction
D:7:      layout_loops_ring, nicolae_tso_swordbearing_angel
D:8:      layout_loops_ring, nemelex_xobeh_ov_fountains_minmay,
          mainiacjoe_overflow_brackets, lair_entry_dummy, enter_bailey_2,
          grunt_ministairs_14, nrook_campfire, grunt_decor_clamped,
          grunt_potential, uniq_harold
D:9:      layout_rooms, serial_glass, glass_columns_a, glass_columns_a,
          glass_columns_b, glass_columns_c, glass_columns_b, glass_columns_a,
          feat_on_display
D:10:     layout_small_grid
D:11:     minmay_curly_fans, layout_loops_ring, kennysheep_crisscross,
          uniq_gastronok

Skill      XL: |  1  2  3  4  5  6  7  8  9 10 11 |
---------------+----------------------------------+-----
Unarmed Combat | 3 4 5 6 7 9 10 | 10.5
Shields        | 3 4 5 6 |  6.5
Throwing       | 6 9 |  9.4
Fighting       | 5 6 |  6.3
Dodging        | |  2.4

Action                   |  1- 3 |  4- 6 |  7- 9 | 10-12 || total
-------------------------+-------+-------+-------+-------++-------
Melee: Unarmed           |    58 |    75 |   259 |   120 ||   512
Throw: Stone             |    30 |     5 |     3 |       ||    38
       Boomerang         |       |    38 |    49 |    83 ||   170
       Javelin           |       |       |     4 |       ||     4
Evoke: Wand              |       |       |       |     5 ||     5
  Use: Scroll            |       |       |     1 |     7 ||     8
       Potion            |       |       |       |     4 ||     4
 Stab: Sleeping          |       |       |     1 |       ||     1
       Invisible         |       |       |       |     4 ||     4
Armor: Robe              |    14 |    19 |    74 |     7 ||   114
       Acid dragon scale |       |       |       |    22 ||    22
       Troll leather arm |       |       |       |     3 ||     3
Dodge: Dodged            |    26 |    37 |    89 |    32 ||   184
Block: Kite shield       |    18 |    45 |   112 |    44 ||   219

Table legend: (Time is in decaauts)
 A = Elapsed time spent in this place.
 B = Non-inter-level travel time spent in this place.
 C = Inter-level travel time spent in this place.
 D = Time resting spent in this place.
 E = Time spent auto-exploring this place.
 F = Levels seen in this place.
 G = Mean time per level.
                   A        B        C        D        E       F      G
               +--------+--------+--------+--------+--------+-----+--------+
         Total |   9838 |   9488 |    350 |   1958 |   5473 |  11 |  894.4 |
       Dungeon |   9838 |   9488 |    350 |   1958 |   5473 |  11 |  894.4 |
               +--------+--------+--------+--------+--------+-----+--------+

Top non-repeatable levels by time:
     D:5: 1271 daAuts
     D:6: 1267 daAuts
     D:7: 1179 daAuts
    D:10: 1113 daAuts
     D:8: 1065 daAuts
     D:2: 1030 daAuts
     D:3: 870 daAuts
     D:4: 829 daAuts
     D:9: 820 daAuts
     D:1: 199 daAuts
    D:11: 190 daAuts
